AoeStats
← ELBO | Dseko

Nomad

509769415Analyzed
2v2 RM · 3d ago on Sep 28, 2026· 48m 3s· 4 players
Game mode
Random Map
Map size
176×176
Population
200
Speed
Normal
Resources
Standard
Victory
Conquest
Starting age
Dark Age
Ending age
Imperial Age
RankedLock teamsTeams togetherTeam positionsShared explorationLock speedFull tech treeHidden civsTurbo modeCheats
Victory
Defeat
🇵🇪 Mongols · Peru
1425
+13
🇵🇪 Spanish · Peru
1406
+14
🇲🇽 Britons · Mexico
1378
-14
🇺🇸 Inca · United States
1349
-13
Plyco
5:32 Loom
14:23 Feudal Age
14:49 Double-Bit Axe
14:55 Gold Mining
22:28 Castle Age
20:29 Horse Collar
20:45 Fishing Lines
23:20 Medium Warships
23:27 Heavy Plow
23:39 Bow Saw
24:44 Wheelbarrow
24:35 Forging
25:13 Fletching
25:11 Pikeman
29:25 Squires
30:44 Gillnets
33:58 Bodkin Arrow
34:57 Scale Mail Armor
35:57 Heavy Plow
44:00 Imperial Age
41:22 Town Watch
43:43 Chain Mail Armor
44:44 Iron Casting
46:18 Murder Holes
Mistico
4:43 Loom
16:29 Feudal Age
20:51 Castle Age
20:30 Fletching
24:42 Town Watch
28:55 Bodkin Arrow
33:07 Double-Bit Axe
35:01 Padded Archer Armor
36:01 Wheelbarrow
36:07 Ballistics
38:00 Bow Saw
39:54 Gold Mining
40:58 Leather Archer Armor
41:01 Horse Collar
46:47 Imperial Age
47:57 Bracer
49:09 Chemistry
ELBO | Dseko
3:44 Loom
14:50 Feudal Age
18:57 Forging
18:52 Scale Barding Armor
24:44 Castle Age
23:46 Bloodlines
23:52 Gold Mining
23:52 Stone Mining
27:04 Iron Casting
26:50 Chain Barding Armor
30:33 Fletching
30:44 Padded Archer Armor
32:25 Ballistics
34:47 Wheelbarrow
34:28 Bodkin Arrow
34:50 Leather Archer Armor
44:21 Imperial Age
45:13 Elite Mangudai
46:13 Conscription
46:01 Double-Bit Axe
47:26 Horse Collar
ELBO | Fantozzi
4:59 Loom
12:58 Feudal Age
16:41 Double-Bit Axe
21:27 Castle Age
20:59 Gold Mining
23:27 Medium Warships
27:11 Wheelbarrow
26:50 Stone Mining
28:48 Horse Collar
35:18 Hand Cart
38:45 Imperial Age
37:15 Scale Barding Armor
37:18 Heavy Plow
37:32 Bloodlines
37:22 Husbandry
37:58 Town Watch
39:05 Bow Saw
39:23 Chain Barding Armor
39:14 Forging
39:17 Town Patrol
38:59 Cavalier
41:24 Two-Man Saw
40:55 Conscription
41:58 Plate Barding Armor
42:25 Paladin
44:36 Iron Casting
44:32 Ballistics
45:12 Chemistry
46:16 Stone Shaft Mining
47:57 Chemistry
48:37 Blast Furnace
Connection lost

Rejoining the realm…

Still unreachable

The connection could not be restored.

Session expired

The server has moved on; the page needs a fresh start.